 Dungeon Crawl Stone Soup version 0.27-a0-538-g15ff5c5295 (webtiles) character file.

Game seed: 12717258809901729138

11633 sahdkjhfkaj the Destroyer (level 11, -1/60 HPs)
             Began as a Gargoyle Fire Elementalist on Mar 6, 2021.
             Was an Initiate of Gozag.
             Shot with an arrow by a centaur (3 damage)
             ... on level 10 of the Dungeon.
             The game lasted 00:14:58 (16314 turns).

sahdkjhfkaj the Destroyer (GrFE)                   Turns: 16314, Time: 00:14:59

Health: -1/60      AC: 13    Str: 13    XL:     11   Next: 80%
Magic:  0/24       EV: 16    Int: 18    God:    Gozag
Gold:   1736       SH:  0    Dex: 10    Spells: 18/28 levels left

rFire    . . .     SeeInvis .   a - +1 dagger (venom)
rCold    . . .     Faith    .   (no shield)
rNeg     + . .     Spirit   +   i - +1 robe {Will+}
rPois    ∞         Reflect  .   (no helmet)
rElec    +         Harm     +   s - scarf {harm}
rCorr    +         Rampage  .   J - +0 pair of gloves
Will     +....                  l - +0 pair of boots
Stlth    ++........             e - amulet of guardian spirit
HPRegen  0.20/turn              m - ring of resist corrosion
MPRegen  0.19/turn              y - +4 ring of evasion

@: studying Short Blades
A: negative energy resistance 1, electricity resistance, torment resistance 1,
unbreathing 1, petrification resistance, AC +8
a: Renounce Religion, Potion Petition, Call Merchant, Bribe Branch


You were on level 10 of the Dungeon.
You worshipped Gozag.
Gozag was most pleased with you.
You visited 1 branch of the dungeon, and saw 10 of its levels.

You collected 1796 gold pieces.
You paid 60 gold pieces to Gozag.

Inventory:

Hand Weapons
 a - a +1 dagger of venom (weapon)
Armour
 i - a +1 robe of willpower (worn)
 l - a +0 pair of boots (worn)
 s - a scarf of harm (worn)
 J - a +0 pair of gloves (worn)
Jewellery
 e - an amulet of guardian spirit (around neck)
 m - a ring of resist corrosion (left hand)
 y - a +4 ring of evasion (right hand)
Wands
 j - a wand of paralysis (8)
 A - a wand of polymorph (4)
 F - a wand of acid (13)
 H - a wand of iceblast (9)
 I - a wand of flame (14)
Scrolls
 c - 2 scrolls of teleportation
 g - a scroll of vulnerability
 n - 2 scrolls of fog
 o - 4 scrolls of magic mapping
 p - 3 scrolls of amnesia
 q - a scroll of enchant weapon
 B - a scroll of immolation {unknown}
 C - 7 scrolls of enchant armour
 D - 2 scrolls of fear
 E - 3 scrolls of blinking
 K - 3 scrolls of summoning
Potions
 b - 2 potions of resistance
 d - 3 potions of lignification
 f - a potion of might {unknown}
 h - 2 potions of ambrosia
 r - 2 potions of flight {unknown}
 t - 2 potions of cancellation {unknown}
 u - a potion of invisibility {unknown}
 v - a potion of curing {unknown}
 w - 3 potions of mutation
 x - a potion of degeneration {unknown}
 z - 4 potions of brilliance {unknown}
 G - a potion of haste {unknown}


   Skills:
 - Level 3.0 Fighting
 - Level 4.0 Dodging
 - Level 2.1 Stealth
 - Level 9.0 Spellcasting
 + Level 11.9 Conjurations
 - Level 10.0 Fire Magic
 - Level 3.0 Evocations


You had 18 spell levels left.
You knew the following spells:

 Your Spells              Type           Power      Damage    Failure   Level
a - Foxfire               Conj/Fire      100%       2x1d9     1%          1
d - Sticky Flame          Conj/Fire      47%        2d6       1%          4
e - Fireball              Conj/Fire      23%        3d11      2%          5

Your spell library contained the following spells:

 Spells                   Type           Power      Damage    Failure   Level
 Conjure Flame            Conj/Fire      47%        6-21      1%          3
 Inner Flame              Hex/Fire       26%        N/A       3%          3
 Animate Skeleton         Necr           16%        N/A       9%          1
 Pain                     Necr           32%        1d5       9%          1
 Vampiric Draining        Necr           4%         2d6       26%         3
 Animate Dead             Necr           4%         N/A       65%         4
 Agony                    Necr           8%         N/A       94%         5


Dungeon Overview and Level Annotations

Branches:
Dungeon (10/15)            Temple (0/1) D:7             Orc (0/2) D:10
   Lair: D:8-11

Altars:
Ashenzari
Cheibriados
Dithmenos
Elyvilon
Fedhas
Gozag
Kikubaaqudgha
Makhleb
Okawaru
Qazlal
Sif Muna
Trog
Yredelemnul
The Shining One

Shops:
D:4 *   D:6 (

Annotations:
D:6 yak pack


Innate Abilities, Weirdness & Mutations

Your stone body is resilient. (AC +8)
You are immune to poison.
You resist negative energy. (rN+)
You are resistant to electric shocks. (rElec)
You are resistance to unholy torment.
You can survive without breathing.
You are immune to petrification.


Message History

The orc priest invokes the aid of Beogh against you.
Beogh smites you! Something hits you.
A magic dart appears from out of thin air!
The magic dart hits you but does no damage.
Found a scroll of identify.
As you read the scroll of teleportation, it crumbles to dust.
You feel strangely unstable.
The iguana hisses angrily.
The ice beast completely misses you.
Unknown command.
Unknown command.
Unknown command.
The ice beast closely misses you.
Your surroundings suddenly seem different.
The wight barely misses you.
An orc priest comes into view.
An orc priest comes into view.
The wight misses you.
The orc priest calls down the wrath of Beogh upon you.
Beogh smites you!
* * * LOW HITPOINT WARNING * * *
The wight barely misses you.
The orc priest invokes the aid of Beogh against you.
Beogh smites you!
* * * LOW HITPOINT WARNING * * *
Unknown command.
Blink to where?
Press: ? - help, Dir - move target
As you read the scroll of blinking, it crumbles to dust.
You see here 3 gold pieces.
A centaur comes into view.
The centaur wields a +0 shortbow.
The centaur shoots an arrow.
The arrow hits you.
* * * LOW HITPOINT WARNING * * *
The centaur shoots an arrow.
The arrow hits you.
* * * LOW HITPOINT WARNING * * *
The centaur shoots an arrow.
The arrow hits you.
You die...
Your body crumbles into a pile of gold.

#......#..#
..#########.........###
......................###
######..................##
###.................#
###..)c...........##
#.................# ##
#.................# .#
#.......@.........# .##
#.......$.........#### ..#
#......$....$.........
..##
#.....................
)..# #..................#
...# ##.............#####
...# ###........#$$$##
..## ##########....## ..#
#..#>z.##


You could see a centaur.

Vanquished Creatures
  Fannar (D:10)
  A two-headed ogre (D:9)
  A tengu warrior (D:8)
  A manticore (D:9)
  7 centaur zombies
  An ice statue (D:9)
  A freezing wraith (D:9)
  2 hellwings
  A troll (D:9)
  A slime creature (D:8)
  A wyvern (D:9)
  3 yaks
  Eustachio (D:5)
  A steam dragon (D:7)
  Edmund (D:6)
  A soldier ant (D:7)
  2 black bears
  2 orc warriors
  3 sky beasts
  5 ogres
  An ice beast (D:9)
  4 necrophages
  6 centaurs
  2 phantoms
  2 kobold brigands
  Blork the orc (D:4)
  3 bullfrogs
  A wyvern zombie (D:9)
  A gnoll sergeant (D:8)
  A scorpion (D:9)
  4 killer bees (D:10)
  4 howler monkeys
  11 wights
  2 jellies (D:9)
  4 hounds
  A centaur skeleton (D:8)
  3 orc priests
  2 bullfrog skeletons
  2 iguanas
  12 orc wizards
  7 worker ants
  A killer bee zombie (D:9)
  2 howler monkey zombies
  A worker ant zombie (D:5)
  A howler monkey skeleton (D:5)
  20 gnolls
  10 adders
  5 shadow imps (D:8)
  3 white imps
  4 ufetubi
  An ooze (D:1)
  An adder skeleton (D:4)
  4 worms
  5 dart slugs
  6 leopard geckos
  27 orcs
  6 bats
  4 giant cockroaches
  4 goblins
  5 hobgoblins
  10 jackals
  8 quokkas
  6 frilled lizards
  2 jackal skeletons
  18 kobolds
  A quokka skeleton (D:9)
  15 rats
281 creatures vanquished.

Vanquished Creatures (collateral kills)
  A foxfire (D:7)
1 creature vanquished.

Vanquished Creatures (others)
  A quokka (D:2)
  1344 foxfires
  6 withered plants (D:8)
1351 creatures vanquished.

Grand Total: 1633 creatures vanquished

Notes
Turn   | Place    | Note
-------+----------+-------------------------------------------
     0 | D:1      | sahdkjhfkaj the Gargoyle Fire Elementalist began the quest
                  | for the Orb.
     0 | D:1      | Reached XP level 1. HP: 10/10 MP: 3/3
   314 | D:1      | Reached skill level 2 in Conjurations
   352 | D:1      | Reached XP level 2. HP: 15/15 MP: 0/5
   770 | D:1      | Reached skill level 3 in Conjurations
   933 | D:1      | Reached XP level 3. HP: 19/19 MP: 3/6
  1400 | D:2      | Found a faded altar of an unknown god.
  1483 | D:2      | Reached skill level 4 in Conjurations
  1573 | D:2      | Reached XP level 4. HP: 24/24 MP: 3/7
  1672 | D:2      | Found a shadowy altar of Dithmenos.
  2220 | D:2      | Learned a level 4 spell: Sticky Flame
  2298 | D:2      | Reached XP level 5. HP: 28/28 MP: 2/9
  2414 | D:2      | Found a white marble altar of Elyvilon.
  2712 | D:2      | Found a blossoming altar of Fedhas.
  3004 | D:3      | Found a snail-covered altar of Cheibriados.
  3653 | D:3      | Reached skill level 5 in Conjurations
  4069 | D:4      | Found Zaeka's Assorted Antiques.
  4182 | D:4      | Found an ancient bone altar of Kikubaaqudgha.
  4298 | D:4      | Reached XP level 6. HP: 33/33 MP: 4/10
  4481 | D:4      | Reached skill level 1 in Fighting
  4750 | D:4      | Noticed Blork the orc
  4756 | D:4      | Killed Blork the orc
  4812 | D:4      | Found an opulent altar of Gozag.
  4842 | D:5      | Entered Level 5 of the Dungeon
  4978 | D:5      | Noticed Eustachio
  4985 | D:5      | Killed Eustachio
  4986 | D:5      | Reached skill level 6 in Conjurations
  4986 | D:5      | Reached XP level 7. HP: 40/40 MP: 1/12
  5623 | D:5      | Reached skill level 5 in Fire Magic
  5842 | D:5      | Found a glowing golden altar of the Shining One.
  5845 | D:5      | Noticed an angel
  6145 | D:4      | Became a worshipper of Gozag Ym Sagoz the Greedy
  6333 | D:6      | Reached XP level 8. HP: 44/44 MP: 9/14
  6336 | D:6      | Reached skill level 7 in Conjurations
  6444 | D:6      | Learned a level 5 spell: Fireball
  6512 | D:6      | Noticed Edmund
  6521 | D:6      | Killed Edmund
  6527 | D:6      | Reached skill level 5 in Spellcasting
  6650 | D:6      | Found a broken altar of Ashenzari.
  6667 | D:6      | Found Qime's Weapon Shoppe.
  6913 | D:6      | Noticed a yak
  6913 | D:6      | Noticed a yak
  6913 | D:6      | Noticed a yak
  6913 | D:6      | Noticed a yak
  6955 | D:5      | Killed a yak
  7446 | D:6      | Reached skill level 8 in Conjurations
  7899 | D:7      | Reached XP level 9. HP: 48/48 MP: 3/16
  8099 | D:7      | Reached skill level 9 in Conjurations
  8822 | D:7      | Found a staircase to the Ecumenical Temple.
  8835 | D:7      | Found a bloodstained altar of Trog.
  9418 | D:8      | Noticed a hellwing
  9422 | D:8      | Noticed a hellwing
  9605 | D:7      | Killed a hellwing
 10117 | D:8      | Reached XP level 10. HP: 29/53 MP: 14/20
 10325 | D:8      | Reached skill level 10 in Conjurations
 10613 | D:8      | HP: 2/53 [wight/+1 war axe of freezing (3)]
 11461 | D:8      | Reached skill level 1 in Evocations
 11537 | D:8      | Found a shimmering blue altar of Sif Muna.
 11731 | D:8      | Found a stormy altar of Qazlal.
 12277 | D:8      | Noticed a tengu warrior
 12346 | D:8      | Killed a tengu warrior
 12347 | D:8      | Reached skill level 11 in Conjurations
 13283 | D:9      | Found a snail-covered altar of Cheibriados.
 13283 | D:9      | Found an iron altar of Okawaru.
 13291 | D:9      | Reached XP level 11. HP: 51/57 MP: 11/23
 13360 | D:9      | Found a burning altar of Makhleb.
 14012 | D:9      | Noticed a two-headed ogre
 14015 | D:9      | Killed a two-headed ogre
 14110 | D:9      | Reached skill level 10 in Fire Magic
 14161 | D:9      | Noticed a manticore
 14263 | D:9      | Killed a manticore
 15838 | D:10     | Entered Level 10 of the Dungeon
 16141 | D:10     | Noticed Fannar
 16257 | D:10     | Killed Fannar
 16278 | D:10     | Found a staircase to the Orcish Mines.
 16299 | D:10     | HP: 3/60 [orc priest/divine providence (7)]
 16312 | D:10     | HP: 3/60 [centaur/arrow (2)]
 16314 | D:10     | Shot with an arrow by a centaur

Illustrated notes

Levels and vault maps discovered:
D:1:      dpeg_arrival_shrine, layout_basic, minmay_tall_x
D:2:      layout_basic, lemuel_round_altar, elyvilon_altar_4,
          chequers_ecumenical_altar_island, fedhas_altar_fruit_tree
D:3:      layout_loops_ring, kennysheep_slug_shrine
D:4:      layout_rooms, nicolae_overflow_hidden_temple, general_overflow_altar,
          serial_shops, shop, uniq_blork_the_orc
D:5:      layout_basic, grunt_temple_overflow_holy_war, st_stairs_10,
          uniq_eustachio
D:6:      layout_basic, ashenzari_conservatory_becter, serial_shops, shop,
          uniq_edmund
D:7:      layout_gridville, overflow_temple_1_default,
          minmay_temple_entry_junction_2, nicolae_ossuary_entry_monument
D:8:      cheibrodos_grave_circle, layout_basic, led_sif_book, kennysheep_mini,
          minmay_manual_moon
D:9:      layout_stronghold, grunt_temple_overflow_open, serial_undead,
          serial_undead_c, serial_undead_c, serial_undead_a, serial_undead_c,
          nzn_random_ring
D:10:     layout_cave_pods, david_orc_3, basic_altar, uniq_erica, uniq_fannar

Skill      XL: |  1  2  3  4  5  6  7  8  9 10 11 |
---------------+----------------------------------+-----
Conjurations   | 2 3 4 5 6 8 9 11 | 11.9
Spellcasting   | 3 4 5 7 8 9 |  9.0
Fire Magic     | 4 5 6 8 9 10 | 10.0
Fighting       | 2 3 |  3.0
Evocations     | 2 3 |  3.0
Dodging        | 2 4 |  4.0
Stealth        | |  2.1

Action                   |  1- 3 |  4- 6 |  7- 9 | 10-12 || total
-------------------------+-------+-------+-------+-------++-------
Melee: Unarmed           |     5 |       |       |     1 ||     6
       Dagger            |    13 |    33 |   218 |   306 ||   570
 Cast: Foxfire           |    66 |   152 |   243 |   353 ||   814
       Sticky Flame      |       |     1 |     4 |    11 ||    16
       Fireball          |       |       |       |    23 ||    23
Evoke: Wand              |       |       |     1 |       ||     1
  Use: Scroll            |       |       |       |    19 ||    19
       Potion            |       |       |       |     1 ||     1
 Stab: Sleeping          |       |       |     1 |       ||     1
       Distracted        |       |       |     1 |     3 ||     4
Armor: Robe              |     4 |    20 |    97 |   182 ||   303
       Skin              |       |       |       |     6 ||     6
Dodge: Dodged            |    10 |    35 |   172 |   315 ||   532

Table legend: (Time is in decaauts)
 A = Elapsed time spent in this place.
 B = Non-inter-level travel time spent in this place.
 C = Inter-level travel time spent in this place.
 D = Time resting spent in this place.
 E = Time spent auto-exploring this place.
 F = Levels seen in this place.
 G = Mean time per level.
                   A        B        C        D        E       F      G
               +--------+--------+--------+--------+--------+-----+--------+
         Total |  16323 |  15822 |    501 |    118 |  13197 |  10 | 1632.3 |
       Dungeon |  16323 |  15822 |    501 |    118 |  13197 |  10 | 1632.3 |
               +--------+--------+--------+--------+--------+-----+--------+

Top non-repeatable levels by time:
     D:8: 2926 daAuts
     D:9: 2553 daAuts
     D:7: 2394 daAuts
     D:5: 1610 daAuts
     D:2: 1561 daAuts
     D:6: 1489 daAuts
     D:1: 1351 daAuts
     D:3: 1083 daAuts
     D:4: 875 daAuts
    D:10: 475 daAuts
